 Dungeon Crawl Stone Soup version 0.28-a0-1555-g9ae15a6949 (webtiles) character file.

Game seed: 15943582243503414585

135 issech the Shield-Bearer (level 4, -1/44 HPs)
             Began as a Troll Fighter on Jan 19, 2022.
             Was an Initiate of Dithmenos.
             Slain by an ogre (18 damage)
             ... on level 3 of the Dungeon.
             The game lasted 00:06:07 (1663 turns).

issech the Shield-Bearer (Troll Fighter)            Turns: 1663, Time: 00:06:07

Health: -1/44      AC:  4    Str: 24    XL:     4   Next: 97%
Magic:  3/3        EV:  9    Int:  4    God:    Dithmenos [......]
Gold:   118        SH:  8    Dex: 11    Spells: 3/3 levels left

rFire   . . .      SeeInvis +   a - +0 flail
rCold   . . .      Faith    .   c - +0 kite shield
rNeg    . . .      Spirit   .   b - +0 robe
rPois   .          Reflect  .   (helmet restricted)
rElec   .          Harm     .   (no cloak)
rCorr   .          Rampage  .   (gloves unavailable)
Will    .....                   (boots unavailable)
Stlth   +.........              (no amulet)
HPRegen 0.94/turn               k - ring of flight
MPRegen 0.08/turn               q - ring of see invisible

@: flying
A: large, unfitting armour, claws 3, regeneration 1, shaggy fur 1, tough skin 1
a: Renounce Religion


You were on level 3 of the Dungeon.
You worshipped Dithmenos.
Dithmenos was noncommittal.
You visited 1 branch of the dungeon, and saw 3 of its levels.

You collected 118 gold pieces.

Inventory:

Hand Weapons
 a - a +0 flail (weapon)
 j - a +0 dagger of venom
 p - a +0 falchion
 r - a +2 dagger of speed
 t - a +0 spear
Missiles
 f - 53 arrows
 h - 50 stones (quivered)
 o - 45 sling bullets
 s - 6 poisoned darts
Armour
 b - a +0 robe (worn)
 c - a +0 kite shield (worn)
Jewellery
 k - a ring of flight (left claw)
 l - an amulet of faith
 m - an amulet of faith
 q - a ring of see invisible (right claw)
Scrolls
 e - a scroll of teleportation {unknown}
 n - a scroll of amnesia {unknown}
 u - a scroll of identify
 v - a scroll of vulnerability {unknown}
Potions
 d - a potion of might
 g - a potion of curing
 i - a potion of haste {unknown}


   Skills:
 + Level 2.9 Fighting
 + Level 3.0 Maces & Flails
 + Level 3.0 Dodging
 + Level 3.2 Shields


You had 3 spell levels left.
You didn't know any spells.
Your spell library was empty.

Dungeon Overview and Level Annotations

Branches:
Dungeon (3/15)

Altars:
Dithmenos


Innate Abilities, Weirdness & Mutations

You are too large for most types of armour.
You have claws for hands.
Your natural rate of healing is unusually fast.
You are covered in fur. (AC +1)
You have tough skin. (AC +1)


Message History

You now have 118 gold pieces (gained 15).
u - a scroll of identify
Found a scroll labelled ZUWYCLAFOS.
Found a stone staircase leading down.
A frilled lizard comes into view.
Found a mace.
v - a scroll labelled ZUWYCLAFOS A goblin comes into view.
It is wielding a +0 club.
The goblin shouts!
An ogre comes into view. It is wielding a +0 giant spiked club.
You block the goblin's attack.
The ogre shouts!
You hit the goblin.
You kill the goblin!
Dithmenos accepts your kill.
Things that are here:
a +0 club; a goblin corpse The frilled lizard barely misses you.
You miss the frilled lizard. You block the frilled lizard's attack.
You sock the frilled lizard!
You kill the frilled lizard!
Dithmenos accepts your kill.
Things that are here:
a +0 mace; a frilled lizard corpse You hit the ogre.
The ogre is lightly wounded.
You block the ogre's attack.
You hit the ogre but do no damage.
The ogre is lightly wounded.
The ogre hits you with a +0 giant spiked club!!
You closely miss the ogre.
The ogre is lightly wounded.
You block the ogre's attack. x2
You barely miss the ogre.
The ogre is lightly wounded.
The ogre hits you with a +0 giant spiked club!
You barely miss the ogre.
The ogre is lightly wounded.
The ogre hits you with a +0 giant spiked club!!
You die...

...# ....# ...# #+##
....#
##...#..##+######....#
##...##.#............+
.#...##..............+#.
.....#..........).......
....##.....#......#.....
#...##.....#....O.# ...
#..........#....@.# .
#.....#...........#
#.....#...........#
#.....#.............
#.....####.#........
#.....# #>+.........
#.....# ###......#...
#.†...# ########....
#.....#


You could see an ogre.

Vanquished Creatures
  A centaur skeleton (D:3)
  6 adders
  A dart slug (D:2)
  2 ball pythons
  3 endoplasms
  2 giant cockroaches
  10 goblins
  8 hobgoblins
  2 quokkas (D:1)
  5 bats
  A frilled lizard (D:3)
  6 kobolds
  4 rats
51 creatures vanquished.

Vanquished Creatures (others)
  6 toadstools (D:3)
6 creatures vanquished.

Grand Total: 57 creatures vanquished

Notes
Turn   | Place    | Note
-------+----------+-------------------------------------------
     0 | D:1      | issech the Troll Fighter began the quest for the Orb.
     0 | D:1      | Reached XP level 1. HP: 22/22 MP: 0/0
   261 | D:1      | Reached XP level 2. HP: 29/29 MP: 1/1
   277 | D:1      | Found a faded altar of an unknown god.
   857 | D:2      | Reached XP level 3. HP: 18/36 MP: 2/2
  1077 | D:2      | Found a shadowy altar of Dithmenos.
  1105 | D:2      | Became a worshipper of Dithmenos the Shadowed
  1170 | D:2      | Reached XP level 4. HP: 43/44 MP: 3/3
  1651 | D:3      | Noticed an ogre
  1663 | D:3      | Slain by an ogre

Illustrated notes

Levels and vault maps discovered:
D:1:      minmay_arrival_three_doors, layout_loops_ring, basic_ecumenical_altar
D:2:      layout_rooms, serial_curves, eino_curves_02, eino_curves_02,
          basic_altar
D:3:      layout_basic, nicolae_ru_great_annihilating_truth,
          minmay_gold_behind_fungi

Skill      XL: |  1  2  3  4 |
---------------+-------------+-----
Maces & Flails | 2 3 |  3.0
Shields        | 3 |  3.2
Dodging        | 3 |  3.0
Fighting       | |  2.9

Action                   |  1- 3 |  4- 6 || total
-------------------------+-------+-------++-------
Melee: Flail             |   100 |    57 ||   157
  Use: Scroll            |     2 |       ||     2
Armor: Robe              |    36 |    38 ||    74
Dodge: Dodged            |    39 |    35 ||    74
Block: Kite shield       |    43 |    37 ||    80

Table legend: (Time is in decaauts)
 A = Elapsed time spent in this place.
 B = Non-inter-level travel time spent in this place.
 C = Inter-level travel time spent in this place.
 D = Time resting spent in this place.
 E = Time spent auto-exploring this place.
 F = Levels seen in this place.
 G = Mean time per level.
                   A        B        C        D        E       F      G
               +--------+--------+--------+--------+--------+-----+--------+
         Total |   1727 |   1697 |     30 |      0 |    892 |   3 |  575.7 |
       Dungeon |   1727 |   1697 |     30 |      0 |    892 |   3 |  575.7 |
               +--------+--------+--------+--------+--------+-----+--------+

Top non-repeatable levels by time:
     D:1: 771 daAuts
     D:2: 674 daAuts
     D:3: 281 daAuts
